 Dungeon Crawl Stone Soup version 0.28.0 (webtiles) character file.

Game seed: 14371308372568537468

58 horus123 the Poker (level 4, -1/35 HPs)
             Began as a Merfolk Gladiator on Feb 5, 2022.
             Succumbed to a kobold's poison
             ... on level 2 of the Dungeon.
             The game lasted 00:02:40 (1796 turns).

horus123 the Poker (Merfolk Gladiator)              Turns: 1796, Time: 00:02:41

Health: -1/35      AC:  5    Str: 14    XL:     4   Next: 1%
Magic:  4/4        EV: 13    Int:  9    God:
Gold:   124        SH:  0    Dex: 15    Spells: 3/3 levels left

rFire   . . .      SeeInvis .   a - +0 trident
rCold   . . .      Faith    .   (no shield)
rNeg    . . .      Spirit   .   b - +0 leather armour
rPois   .          Reflect  .   c - +1 helmet
rElec   .          Harm     .   (no cloak)
rCorr   .          Rampage  .   (no gloves)
Will    .....                   (no boots)
Stlth   +.........              (no amulet)
HPRegen 0.11/turn               (no ring)
MPRegen 0.09/turn               (no ring)

@: lethally poisoned (-1 -> -11)
A: (nimble swimmer 2), mertail
a: no special abilities


You were on level 2 of the Dungeon.
You visited 1 branch of the dungeon, and saw 2 of its levels.

You collected 124 gold pieces.

Inventory:

Hand Weapons
 a - a +0 trident (weapon)
Missiles
 d - 3 throwing nets (quivered)
Armour
 b - a +0 leather armour (worn)
 c - a +1 helmet (worn)
 h - a +0 robe
Potions
 e - a potion of berserk rage {unknown}
 f - a potion of attraction {unknown}
 g - 2 potions of heal wounds {unknown}


   Skills:
 - Level 3.1 Fighting
 + Level 5.2 Polearms
 - Level 2.0 Throwing
 - Level 5.1 Dodging


You had 3 spell levels left.
You didn't know any spells.
Your spell library contained the following spells:

 Spells                   Type           Power      Damage    Failure   Level
 Confusing Touch          Hex            0%         N/A       83%         3
 Yara's Violent Unravell  Hex/Tmut       0%         3d3       100%        5
 Enfeeble                 Hex            0%         N/A       100%        7


Dungeon Overview and Level Annotations

Branches:
Dungeon (2/15)

Altars:


Innate Abilities, Weirdness & Mutations

((You are very nimble when in or above water. (Stealth+, EV+, Speed+++)))
Your lower body shifts to a powerful aquatic tail in water.


Message History

The kobold hits you with a +2 dagger of venom.
You are poisoned.
You closely miss the kobold.
You feel very sick. The kobold hits you but does no damage.
You are more poisoned.
You closely miss the kobold.
You feel very sick. The kobold misses you.
You completely miss the kobold.
You feel very sick.
The kobold hits you with a +2 dagger of venom.
You hit the kobold but do no damage.
You feel very sick. The kobold misses you.
You barely miss the kobold.
You feel sick. The kobold misses you.
You hit the kobold but do no damage.
You feel sick. The kobold barely misses you.
You hit the kobold but do no damage.
You feel sick. The kobold barely misses you.
You hit the kobold but do no damage.
You feel sick.
The kobold hits you with a +2 dagger of venom.
You are lethally poisoned!
You hit the kobold but do no damage.
* * * LOW HITPOINT WARNING * * *
You feel very sick. The kobold hits you but does no damage.
You are more poisoned.
You closely miss the kobold.
* * * LOW HITPOINT WARNING * * *
You feel very sick. The kobold misses you.
You hit the kobold.
The kobold is moderately wounded.
* * * LOW HITPOINT WARNING * * *
You feel very sick. The kobold closely misses you.
* * * LOW HITPOINT WARNING * * *
You feel sick.
You die...

######.# #.##.# #.# #.#
..# #.# #.# #.# #.# #.#
#.# #.# #.# #.#
.#####.###.# #.#
...........# #.#
.#####.....####.######.#
.....##.......@.K....#
####.#########.#######
#.# #.# #.# #.# #.# #.#
#.# ###


You could see a kobold.

Vanquished Creatures
  3 gnolls (D:2)
  3 dart slugs (D:1)
  2 bats (D:1)
  2 endoplasms (D:2)
  2 giant cockroaches (D:1)
  2 hobgoblins (D:1)
  2 kobolds
  2 quokkas (D:2)
  A ball python (D:1)
  A frilled lizard (D:1)
  2 goblins (D:1)
  A rat (D:1)
23 creatures vanquished.

Notes
Turn   | Place    | Note
-------+----------+-------------------------------------------
     0 | D:1      | horus123 the Merfolk Gladiator began the quest for the Orb.
     0 | D:1      | Reached XP level 1. HP: 16/16 MP: 1/1
   166 | D:1      | Found a faded altar of an unknown god.
   219 | D:1      | Reached XP level 2. HP: 24/24 MP: 2/2
   927 | D:2      | Reached XP level 3. HP: 29/29 MP: 3/3
  1175 | D:2      | Reached skill level 5 in Dodging
  1468 | D:2      | Reached skill level 5 in Polearms
  1759 | D:2      | Reached XP level 4. HP: 35/35 MP: 4/4
  1795 | D:2      | HP: 1/35 [poisoned by a kobold]
  1796 | D:2      | Succumbed to a kobold's poison

Illustrated notes

Levels and vault maps discovered:
D:1:      nzn_arrival_water_spiral, layout_loops_ring,
          ebering_ecumenical_altar_sacrificial, kennysheep_minor_cross
D:2:      layout_loops_ring, minmay_lizard_king

Skill      XL: |  1  2  3 |
---------------+----------+-----
Fighting       | 3 |  3.1
Dodging        | 5 |  5.1
Polearms       | 5 |  5.2
Throwing       | |  2.0

Action                   |  1- 3 |  4- 6 || total
-------------------------+-------+-------++-------
Melee: Trident           |    85 |    12 ||    97
       Punch             |     1 |       ||     1
  Use: Scroll            |     2 |       ||     2
 Stab: Sleeping          |     2 |       ||     2
Armor: Leather armour    |     7 |     2 ||     9
Dodge: Dodged            |    36 |     8 ||    44
